 Dungeon Crawl Stone Soup version 0.24-a0-537-g2d01d4ab0a (webtiles) character file.

Game seed: 17280975690914576628

59829 Amnesiac the Nimble (level 14, 0/96 HPs)
             Began as a Deep Elf Enchanter on Aug 13, 2019.
             Was the Champion of Cheibriados.
             Slain by Jorgrun
             ... wielding a +0 quarterstaff of crushing
              (3 damage)
             ... on level 12 of the Dungeon on Aug 17, 2019.
             The game lasted 01:47:25 (23763 turns).

Amnesiac the Nimble (Deep Elf Enchanter)           Turns: 23763, Time: 01:47:25

Health: 0/96       AC: 18    Str: 20    XL:     14   Next: 54%
Magic:  19/28      EV: 23    Int: 37    God:    Cheibriados [******]
Gold:   335        SH:  9    Dex: 34    Spells: 5/36 levels left

rFire    + + .     SeeInvis .   a - +0 dagger (elec)
rCold    x . .     Gourm    .   H - +1 buckler (curse)
rNeg     . . .     Faith    .   T - +0 fire dragon scales
rPois    .         Spirit   .   c - +2 hat
rElec    .         Reflect  .   f - +0 cloak {+Inv}
rCorr    .         Harm     .   Y - +2 pair of gloves
MR       +....                  l - +0 pair of boots
Stlth    +++++.....             (no amulet)
HPRegen  0.26/turn              P - +3 ring of protection
MPRegen  0.21/turn              G - +4 ring of evasion

@: grasped by roots, very slightly contaminated, constricted, very slow
A: camouflage 1, low mp 1, robust 1, MP-powered wands
a: Bend Time, Temporal Distortion, Slouch, Step From Time, Renounce Religion,
Evoke Invisibility


You were on level 12 of the Dungeon.
You worshipped Cheibriados.
Cheibriados was exalted by your worship.
You were hungry.

You visited 4 branches of the dungeon, and saw 21 of its levels.
You also visited: Sewer, Gauntlet and Volcano.

You collected 2086 gold pieces.
You spent 1751 gold pieces at shops.

Inventory:

Hand Weapons
 a - a +0 dagger of electrocution (weapon)
 b - a +2 dagger of holy wrath
Missiles
 o - 144 poisoned darts (quivered)
 F - 2 throwing nets
 O - 12 atropa-tipped darts
 R - 7 curare-tipped darts
Armour
 c - a +2 hat (worn)
 f - a +0 cloak of invisibility (worn)
 l - a +0 pair of boots (worn)
 s - a +3 leather armour of fire resistance
 B - the +0 chain mail of the Saviour {rElec Int+3 SInv}
   (You found it on level 6 of the Lair of Beasts)

   It affects your intelligence (+3).
   It insulates you from electricity.
   It lets you see invisible.
 H - a cursed +1 buckler (worn)
 T - +0 fire dragon scales (worn)
 U - the +2 robe of Zeoloppio {rPois}
   (You took it off an orc on level 8 of the Dungeon)

   It protects you from poison.
 Y - a +2 pair of gloves (worn)
Magical Staves
 Q - an uncursed staff of wizardry
Jewellery
 h - an uncursed ring of flight
 r - an uncursed ring of resist corrosion
 G - a +4 ring of evasion (right hand)
 P - a +3 ring of protection (left hand)
 Z - an uncursed ring of protection from fire
Wands
 m - a wand of iceblast (31)
 y - a wand of acid (9)
 A - a wand of digging (12)
 L - a wand of clouds (6)
Scrolls
 e - a scroll of blinking {!r}
 i - 2 scrolls of magic mapping {!r}
 k - 7 scrolls of teleportation
 n - 8 scrolls of remove curse
 t - 3 scrolls of enchant weapon
 u - a scroll of fog
 w - 6 scrolls of identify
 x - 5 scrolls of fear
 D - 2 scrolls of vulnerability
 J - a scroll of summoning
 N - 3 scrolls of enchant armour
 W - a scroll of holy word
Potions
 d - a potion of invisibility
 g - a potion of ambrosia
 p - 3 potions of might
 q - 5 potions of curing
 z - 2 potions of resistance
 C - 2 potions of agility
 E - 2 potions of mutation
 I - a potion of flight
 M - 2 potions of cancellation
 X - 3 potions of heal wounds
Comestibles
 j - 43 rations


   Skills:
 * Level 10.2 Fighting
 - Level 8.0 Short Blades
 + Level 0.0 Armour
 + Level 12.0 Dodging
 + Level 11.7 Stealth
 - Level 4.0 Shields
 + Level 11.7 Spellcasting
 + Level 11.7 Hexes
 + Level 7.3 Invocations
 - Level 10.0 Evocations


You had 5 spell levels left.
You knew the following spells:

 Your Spells              Type           Power        Failure   Level  Hunger
a - Ensorcelled Hibernat  Hex/Ice        ######       1%          2    None
b - Passwall              Tmut/Erth      ###.....     11%         2    None
c - Mephitic Cloud        Conj/Pois/Air  ###.....     21%         3    None
d - Dazzling Spray        Conj/Hex       ######       1%          3    None
e - Confuse               Hex            #######.     1%          3    None
f - Apportation           Tloc           ###...       7%          1    None
g - Yara's Violent Unrav  Hex/Tmut       ######....   17%         5    None
h - Metabolic Englaciati  Hex/Ice        ######....   17%         5    None
r - Regeneration          Chrm/Necr      ###.......   21%         3    None
w - Tukima's Dance        Hex            #######.     1%          3    None
z - Confusing Touch       Hex            ######       1%          1    None

Your spell library contained the following spells:

 Spells                   Type           Power        Failure   Level  Hunger
 Corona                   Hex            #######      1%          1    None
 Fulminant Prism          Conj/Hex       ######....   6%          4    None
 Animate Skeleton         Necr           N/A          7%          1    None
 Magic Dart               Conj           ###.         7%          1    None
 Pain                     Necr           ###.         7%          1    None
 Sandblast                Erth           ###...       7%          1    None
 Shock                    Conj/Air       ###.         7%          1    None
 Sting                    Conj/Pois      ###.         7%          1    None
 Summon Small Mammal      Summ           ###.         7%          1    None
 Poisonous Vapours        Pois/Air       ###...       11%         2    None
 Searing Ray              Conj           ###...       11%         2    None
 Swiftness                Chrm/Air       ###.....     11%         2    None
 Silence                  Hex/Air        ######....   17%         5    None
 Gell's Gravitas          Tloc           ###.......   21%         3    None
 Static Discharge         Conj/Air       ###.....     21%         3    None
 Stone Arrow              Conj/Erth      ###...       21%         3    None
 Vampiric Draining        Necr           ###.......   21%         3    None
 Airstrike                Air            ###.......   56%         4    None
 Animate Dead             Necr           N/A          56%         4    None
 Force Lance              Conj/Tloc      ###.....     56%         4    None
 Iskenderun's Mystic Bla  Conj           ###.....     56%         4    None
 Olgreb's Toxic Radiance  Pois           ###.....     56%         4    None
 Petrify                  Tmut/Erth      ###.....     56%         4    None
 Summon Lightning Spire   Summ/Air       ###.....     56%         4    None
 Bolt of Magma            Conj/Fire/Erth ###.......   88%         5    None
 Iskenderun's Battlesphe  Conj/Chrm      ###.....     88%         5    None
 Lee's Rapid Deconstruct  Erth           ###.......   88%         5    None
 Lightning Bolt           Conj/Air       ###.......   88%         5    None
 Venom Bolt               Conj/Pois      ###.......   88%         5    None
 Conjure Ball Lightning   Conj/Air       ###.......   100%        6    ###....
 Deflect Missiles         Chrm/Air       ###.......   100%        6    ###....
 Iron Shot                Conj/Erth      ###.......   100%        6    ###....
 Orb of Destruction       Conj           ###.......   100%        7    #####..
 Spellforged Servitor     Conj/Summ      ###.......   100%        7    #####..
 Tornado                  Air            ###.......   100%        9    #######


Dungeon Overview and Level Annotations

Branches:
Dungeon (12/15)            Temple (1/1) D:4            Lair (6/6) D:8
  Swamp (0/4) Lair:4       Spider (0/4) Lair:4        Slime (0/5) Lair:5
    Orc (2/2) D:9             Elf (0/3) Orc:2

Altars:
Ashenzari
Cheibriados
Dithmenos
Elyvilon
Fedhas
Gozag
Hepliaklqana
Kikubaaqudgha
Makhleb
Nemelex Xobeh
Okawaru
Qazlal
Ru
Sif Muna
Trog
Uskayaw
Vehumet
Wu Jian
Xom
Yredelemnul
Zin
The Shining One

Shops:
D:6 ?   D:7 (   D:10 :   Orc:2 !*??

Annotations:
D:12 Jorgrun


Innate Abilities, Weirdness & Mutations

Your skin changes colour to match your surroundings (Stealth+).
Your magical capacity is low. (-10% MP)
You are robust. (+10% HP)
You expend magic power (3 MP) to strengthen your wands.


Message History

Press: ? - help, Dir - move target cursor, p - Jorgrun
As you read the scroll of blinking {!r}, it crumbles to dust.
Some rock shatters into small pieces.
Jorgrun points at you and mumbles some strange words.
The wall shatters!
The blast of rock fragments hits you but does no damage.
The worker ant twitches its antennae in your direction.
Jorgrun casts a spell at you.
Roots burst forth from the earth!
The grasping roots grab you!
* * * LOW HITPOINT WARNING * * *
The grasping roots constrict you!
* * * LOW HITPOINT WARNING * * *
The grasping roots constrict you.
There is a stone staircase leading up here.
You escape the roots' grasp.
Jorgrun casts a spell at you.
Roots burst forth from the earth!
The grasping roots grab you!
You die...

###### ###....##
#.......## #
##........####
..#.........#..#
.........)....#
.#.....##....##
#.....####...##
#...@.####....#
.....#..#.......####
....
##............## .##
##......#.....##
#..g...#......##
#......#.......#
#....##....ยง...#
......##.......##
.....####....###


You could see Jorgrun.

Vanquished Creatures
  Nessos (Lair:4)
  A minotaur (Gauntlet)
  A fire dragon (Lair:6)
  3 hydras
  Erica (Lair:2)
  2 catoblepae
  A two-headed ogre (Orc:2)
  6 death yaks (Lair:3)
  4 orc high priests (Orc:2)
  A hell knight (Volcano)
  A swamp dragon (Lair:6)
  A death drake (Gauntlet)
  3 ugly things (Volcano)
  A wolf spider zombie (Gauntlet)
  6 orc knights
  3 orc sorcerers (Orc:2)
  A cyclops (Orc:1)
  4 elephants (Lair:6)
  An oklob plant (Lair:1)
  4 black mambas
  A smoke demon (Volcano)
  2 gargoyles (Gauntlet)
  A kobold demonologist (D:11)
  13 spiny frogs
  7 komodo dragons
  A red devil (Volcano)
  2 trolls
  A queen bee (D:10)
  Grinder (D:5)
  2 jumping spiders (Lair:4)
  A bog body (Lair:4)
  8 dream sheep
  2 meliai zombies
  7 hippogriffs
  43 yaks
  A wyvern (Lair:4)
  6 fire bats (Volcano)
  2 hungry ghosts
  3 steam dragons (Lair:6)
  2 basilisks
  Eustachio (D:6)
  2 vampire mosquitoes (D:11)
  3 acid dragons (Lair:6)
  7 wargs
  8 water moccasins
  Duvessa (D:5)
  2 hell hounds
  4 porcupines
  31 orc warriors
  A sky beast (D:10)
  2 ice beasts
  2 black bears (D:6)
  A necrophage (D:10)
  A phantom (D:8)
  12 centaurs
  14 wolves
  8 ogres
  11 crocodiles
  4 big kobolds
  A gnoll sergeant (Orc:1)
  13 bullfrogs
  A wyvern zombie (D:11)
  Dowan (D:5)
  14 killer bees (D:10)
  6 wights
  5 howler monkeys
  A crimson imp (D:6)
  A bullfrog zombie (D:10)
  4 centaur zombies
  A quasit (D:10)
  2 hounds
  4 lava snakes (Volcano)
  2 jellies
  32 orc wizards
  22 orc priests
  3 centaur skeletons
  2 iron imps (Gauntlet)
  3 bullfrog skeletons
  5 iguanas
  10 worker ants
  A hound zombie (D:6)
  3 hound skeletons
  Robin (D:3)
  A howler monkey skeleton (D:7)
  3 gnolls
  16 adders
  3 shadow imps
  10 oozes
  An adder zombie (D:9)
  2 adder skeletons
  3 worms
  2 dart slugs
  13 leopard geckos
  96 orcs
  15 giant cockroaches
  22 goblins
  8 hobgoblins
  13 jackals
  12 kobolds
  3 quokkas
  12 ball pythons (Sewer)
  5 bats
  15 frilled lizards
  A jackal skeleton (D:4)
  3 quokka skeletons
  7 rats
  A bush (D:4)
672 creatures vanquished.

Vanquished Creatures (collateral kills)
  Harold (D:8)
  A two-headed ogre (D:8)
  2 ogres
  An orc wizard (Orc:2)
5 creatures vanquished.

Vanquished Creatures (others)
  3 jackals (D:10)
  6 fungi
  4 plants
13 creatures vanquished.

Grand Total: 690 creatures vanquished

Notes
Turn   | Place    | Note
-------+----------+-------------------------------------------
     0 | D:1      | Amnesiac the Deep Elf Enchanter began the quest for the
                  | Orb.
     0 | D:1      | Reached XP level 1. HP: 10/10 MP: 6/6
   510 | D:2      | Reached XP level 2. HP: 12/15 MP: 8/8
   514 | D:2      | Learned a level 2 spell: Ensorcelled Hibernation
   803 | D:3      | Noticed a centaur
   811 | D:3      | Killed a centaur
   811 | D:3      | Reached skill level 5 in Spellcasting
   811 | D:3      | Reached XP level 3. HP: 8/19 MP: 6/11
   811 | D:3      | Reached XP level 4. HP: 10/24 MP: 7/13
  1385 | D:3      | Learned a level 3 spell: Confuse
  1389 | D:3      | Learned a level 3 spell: Tukima's Dance
  1394 | D:3      | Learned a level 3 spell: Dazzling Spray
  1445 | D:3      | Noticed Robin
  1452 | D:3      | Killed Robin
  1465 | D:3      | Reached XP level 5. HP: 12/28 MP: 0/14
  1734 | D:5      | Entered Level 5 of the Dungeon
  1745 | D:5      | Noticed Dowan
  1954 | D:5      | Killed Dowan
  2089 | D:5      | Found a glowing drain.
  2104 | Sewer    | Entered a sewer
  2385 | Sewer    | Reached XP level 6. HP: 32/32 MP: 11/16
  2761 | Sewer    | Reached skill level 5 in Short Blades
  3247 | D:5      | Reached XP level 7. HP: 34/36 MP: 13/17
  3276 | D:4      | Found a staircase to the Ecumenical Temple.
  3287 | Temple   | Entered the Ecumenical Temple
  3316 | Temple   | HP: 1/36 [poisoned by an adder]
  3358 | Temple   | Became a worshipper of Cheibriados the Contemplative
  4356 | D:1      | Reached * piety under Cheibriados
  4917 | D:2      | Found a basalt altar of Yredelemnul.
  5504 | D:3      | Found an iron altar of Okawaru.
  5719 | D:3      | Found a burning altar of Makhleb.
  5765 | D:4      | Reached ** piety under Cheibriados
  5866 | D:4      | Found a blossoming altar of Fedhas.
  5866 | D:4      | Found an ancient bone altar of Kikubaaqudgha.
  6817 | D:5      | Found a shimmering blue altar of Sif Muna.
  6867 | D:5      | Noticed Duvessa
  6893 | D:5      | Killed Duvessa
  6893 | D:5      | Reached XP level 8. HP: 17/41 MP: 2/18
  7019 | D:5      | Found a hide-covered altar of Uskayaw.
  7054 | D:5      | Reached skill level 5 in Stealth
  7105 | D:5      | Reached skill level 5 in Hexes
  7301 | D:5      | Noticed Grinder
  7304 | D:5      | Killed Grinder
  7532 | D:6      | Found a snail-covered altar of Cheibriados.
  7613 | D:6      | Learned a level 3 spell: Mephitic Cloud
  7624 | D:6      | Noticed Eustachio
  7640 | D:6      | Reached skill level 3 in Dodging
  7909 | D:6      | Killed Eustachio
  7909 | D:6      | Reached skill level 4 in Dodging
  8029 | D:6      | Reached *** piety under Cheibriados
  8029 | D:6      | Reached skill level 5 in Dodging
  8034 | D:6      | Reached skill level 6 in Dodging
  8274 | D:6      | Found an ornate altar of the Wu Jian Council.
  8429 | D:6      | Found Jamarob's Magic Scroll Emporium.
  8446 | D:6      | Reached XP level 9. HP: 44/45 MP: 13/20
  8463 | D:6      | Bought a scroll of teleportation for 45 gold pieces
  8463 | D:6      | Bought a scroll of teleportation for 45 gold pieces
  8463 | D:6      | Bought a scroll of teleportation for 45 gold pieces
  8463 | D:6      | Bought a scroll of identify for 30 gold pieces
  8544 | D:6      | Reached skill level 7 in Dodging
  8717 | D:7      | Reached skill level 8 in Dodging
  8738 | D:7      | Learned a level 2 spell: Passwall
  8972 | D:7      | Reached **** piety under Cheibriados
  9012 | D:7      | Learned a level 1 spell: Confusing Touch
  9074 | D:7      | Found Pujehex's Weapon Shop.
  9084 | D:7      | Bought a +0 dagger of electrocution for 70 gold pieces
  9462 | D:8      | Noticed a two-headed ogre
  9468 | D:8      | Killed a two-headed ogre
  9715 | D:8      | Reached skill level 5 in Fighting
  9715 | D:8      | Reached XP level 10. HP: 53/59 MP: 19/22
  9809 | D:8      | Noticed a three-headed hydra
  9813 | D:8      | Killed a three-headed hydra
  9813 | D:8      | Reached skill level 9 in Dodging
  9943 | D:8      | Reached ***** piety under Cheibriados
 10056 | D:8      | Found an opulent altar of Gozag.
 10128 | D:8      | Noticed Harold
 10140 | D:8      | Killed Harold
 10584 | D:8      | Found a staircase to the Lair.
 10593 | Lair:1   | Entered Level 1 of the Lair of Beasts
 10603 | Lair:1   | Noticed a spiny frog
 10610 | Lair:1   | Killed a spiny frog
 10614 | Lair:1   | Noticed a spiny frog
 10620 | Lair:1   | Killed a spiny frog
 10653 | Lair:1   | Noticed a spiny frog
 10659 | Lair:1   | Killed a spiny frog
 10659 | Lair:1   | Reached XP level 11. HP: 38/64 MP: 6/25
 11142 | Lair:1   | Reached skill level 1 in Invocations
 11412 | Lair:1   | Noticed an oklob plant
 11417 | Lair:1   | Killed an oklob plant
 11837 | Lair:2   | Reached skill level 10 in Dodging
 12109 | Lair:2   | Noticed Erica
 12112 | Lair:2   | Killed Erica
 12960 | Lair:3   | Noticed a death yak
 13012 | Lair:3   | Noticed a death yak
 13027 | Lair:3   | Noticed a death yak
 13049 | Lair:3   | Noticed a death yak
 13055 | Lair:3   | Noticed a death yak
 13062 | Lair:3   | Noticed a death yak
 13064 | Lair:3   | Killed a death yak
 13064 | Lair:3   | Reached XP level 12. HP: 73/73 MP: 24/27
 13073 | Lair:3   | Learned a level 1 spell: Apportation
 13089 | Lair:3   | Noticed a six-headed hydra
 13092 | Lair:3   | Killed a death yak
 13118 | Lair:3   | Killed a death yak
 13126 | Lair:3   | Killed a death yak
 13132 | Lair:3   | Killed a death yak
 13138 | Lair:3   | Killed a death yak
 13418 | Lair:3   | Killed a six-headed hydra
 13418 | Lair:3   | Reached skill level 10 in Spellcasting
 13418 | Lair:3   | Reached skill level 10 in Hexes
 13940 | Lair:4   | Found a staircase to the Swamp.
 13954 | Lair:4   | Reached skill level 10 in Stealth
 14127 | Lair:4   | Reached skill level 5 in Invocations
 14177 | Lair:4   | Reached ****** piety under Cheibriados
 14203 | Lair:4   | Found a hole to the Spider Nest.
 14381 | Lair:4   | Noticed Nessos
 14397 | Lair:4   | Killed Nessos
 14397 | Lair:4   | Reached skill level 11 in Dodging
 14718 | Lair:5   | Found a staircase to the Slime Pits.
 14846 | Lair:5   | Found a dark tunnel.
 14852 | Volcano  | Entered a volcano
 14937 | Volcano  | Gained mutation: You expend magic power (3 MP) to
                  | strengthen your wands. [potion of mutation]
 14937 | Volcano  | Gained mutation: Your magical capacity is low. (-10% MP)
                  | [potion of mutation]
 14937 | Volcano  | Gained mutation: Your skin changes colour to match your
                  | surroundings (Stealth+). [potion of mutation]
 14937 | Volcano  | Gained mutation: You are robust. (+10% HP) [potion of
                  | mutation]
 14944 | Volcano  | HP: 3/83 [red devil/+0 trident of flaming (8)]
 15232 | Volcano  | Reached XP level 13. HP: 88/88 MP: 22/26
 15259 | Volcano  | Found a burning altar of Makhleb.
 15277 | Volcano  | Found a burning altar of Makhleb.
 15415 | Lair:5   | Learned a level 3 spell: Regeneration
 15421 | Lair:5   | Learned a level 5 spell: Yara's Violent Unravelling
 15427 | Lair:5   | Learned a level 5 spell: Metabolic Englaciation
 15866 | Lair:6   | Entered Level 6 of the Lair of Beasts
 15945 | Lair:6   | Got a spiked chain mail
 16198 | Lair:6   | Found a gate leading to a gauntlet.
 16207 | Gauntlet | Entered a Gauntlet
 16207 | Gauntlet | Found a transporter.
 16207 | Gauntlet | Found a transporter.
 16207 | Gauntlet | Found a runed translucent gate.
 16215 | Gauntlet | Found a transporter.
 16219 | Gauntlet | Found a transporter.
 16227 | Gauntlet | Found a transporter.
 16231 | Gauntlet | Found a transporter.
 16239 | Gauntlet | Found a transporter.
 16255 | Gauntlet | Found a transporter.
 16270 | Gauntlet | Found a transporter.
 16274 | Gauntlet | Found a transporter.
 16282 | Gauntlet | Found a transporter.
 16286 | Gauntlet | Found a transporter.
 16288 | Gauntlet | Found a runed translucent gate.
 16288 | Gauntlet | Found a runed translucent gate.
 16405 | Gauntlet | Identified the +0 chain mail of the Saviour {rElec Int+3
                  | SInv} (You found it on level 6 of the Lair of Beasts)
 16448 | Gauntlet | Got a glittering iron amulet
 16470 | Gauntlet | Noticed a minotaur
 16484 | Gauntlet | Killed a minotaur
 16968 | D:9      | Identified the +2 robe of Zeoloppio {rPois}
 17151 | D:9      | Identified the amulet "Othaul" {Harm *Drain +Inv Str+2}
                  | (You found it in a Gauntlet)
 17293 | D:9      | Found a blossoming altar of Fedhas.
 17465 | D:9      | Found a stormy altar of Qazlal.
 17467 | D:9      | Found a bloodstained altar of Trog.
 17467 | D:9      | Found a shadowy altar of Dithmenos.
 17470 | D:9      | Found a white marble altar of Elyvilon.
 17573 | D:9      | Found a staircase to the Orcish Mines.
 17848 | Orc:1    | Entered Level 1 of the Orcish Mines
 17864 | Orc:1    | Reached skill level 1 in Evocations
 18368 | Orc:1    | Reached skill level 5 in Evocations
 18643 | Orc:2    | Entered Level 2 of the Orcish Mines
 18996 | Orc:2    | Found a staircase to the Elven Halls.
 19986 | Orc:2    | Reached XP level 14. HP: 95/95 MP: 23/28
 20150 | Orc:2    | Found Suc Nol's Magic Scroll Shop.
 20150 | Orc:2    | Found Garr's Distillery.
 20153 | Orc:2    | Found Ixtaperauh's Magic Scroll Shop.
 20153 | Orc:2    | Found Esasox's General Store.
 20171 | Orc:2    | Bought a scroll of brand weapon for 300 gold pieces
 20173 | Orc:2    | Bought a scroll of holy word for 112 gold pieces
 20174 | Orc:2    | Bought a potion of heal wounds for 80 gold pieces
 20174 | Orc:2    | Bought a potion of heal wounds for 80 gold pieces
 20176 | Orc:2    | Bought a potion of berserk rage for 75 gold pieces
 20433 | Orc:2    | Bought a potion of heal wounds for 75 gold pieces
 20435 | Orc:2    | Bought a potion of invisibility for 128 gold pieces
 20435 | Orc:2    | Bought a +2 pair of gloves for 264 gold pieces
 20441 | Orc:2    | Bought a scroll of teleportation for 45 gold pieces
 20441 | Orc:2    | Bought a scroll of enchant weapon for 112 gold pieces
 20443 | Orc:2    | Bought a scroll of blinking for 112 gold pieces
 20443 | Orc:2    | Bought a scroll of teleportation for 45 gold pieces
 20443 | Orc:2    | Bought a scroll of fear for 52 gold pieces
 20538 | D:10     | Entered Level 10 of the Dungeon
 20643 | D:10     | Found Faasyo's Book Shop.
 21650 | D:11     | Reached skill level 10 in Evocations
 22616 | D:7      | Bought 6 atropa-tipped darts for 36 gold pieces
 22916 | Lair:6   | Reached skill level 10 in Fighting
 23320 | Lair:6   | Reached skill level 12 in Dodging
 23745 | D:12     | Noticed Jorgrun
 23762 | D:12     | HP: 4/96 [Jorgrun/+0 quarterstaff of crushing (7)]
 23763 | D:12     | Slain by Jorgrun

Levels and vault maps discovered:
D:1:      kennysheep_arrival_seaside, layout_basic
D:2:      layout_loops_corners, nicolae_overflow_crystal_walls,
          minmay_tetromino_i2
D:3:      lemuel_upstairs_altar, layout_loops_cross, okawaru_altar_gauntlet_db,
          small_statue_intersection, uniq_robin
D:4:      layout_rooms, grunt_temple_overflow_growth_and_decay,
          minmay_temple_entry_stoned_glass, serial_forest,
          infiniplex_forest_clump_small, infiniplex_forest_clump_diagonal,
          infiniplex_forest_corner_2, infiniplex_forest_lined_ring,
          infiniplex_forest_clump_double, infiniplex_forest_straight_2,
          kennysheep_generic_room_13
D:5:      layout_loops_ring, eat_drink_and_be_merry_uskayaw,
          lemuel_doored_altar, first_ration, portal_sewer_entry_d,
          glass_columns_a, corexii_checkpoint_a, uniq_grinder, uniq_duvessa
D:6:      layout_basic, marbit_many_paths, serial_shops, kennysheep_little_box,
          kennysheep_slug_shrine, uniq_eustachio
D:7:      hangedman_cross_stitches, layout_cave_pools, serial_shops, shop
D:8:      layout_rooms, nicolae_gozag_seed_capital, david_lair_shrubbed,
          hangedman_ranch [blue_anna_fruit_fields], lightli_orcish_oven,
          uniq_harold
D:9:      layout_rooms, grunt_temple_overflow_cloverleaf, hiddenorc2_lemuel,
          fedhas_ov_isle_minmay
D:10:     lemuel_flame_loot_2, layout_rooms, special_room [special_room_bee],
          serial_shops, nicolae_shop_behind_doors, minmay_misc_feat_alley
D:11:     layout_basic, basic_altar, uniq_psyche
D:12:     layout_cave_pools, nrook_uturn, uniq_frances, uniq_sonja,
          uniq_nergalle, uniq_jorgrun, uniq_kirke
Temple:   jpeg_temple_alley_garden
Lair:1:   layout_misc_corridors, minmay_lair_oklob_chamber
Lair:2:   layout_cave_pods, uniq_erica
Lair:3:   layout_regular_city
Lair:4:   layout_concentric_octagons, skrybe_swamp_entry_bodies,
          spider_nest_entry_funnel_web, uniq_nessos
Lair:5:   layout_small_grid, slime_dummy, nicolae_volcano_entry_s_turn,
          portal_ice_cave_entry_pillars_2, serial_bayou_shore_b
Lair:6:   guppyfry_lair_end_dragon, layout_long_grid, gauntlet_entry_generic
Orc:1:    layout_caves, sword_in_stone
Orc:2:    grunt_orc_tribal_feast, layout_diamond_mine, nicolae_orc_damp_corner

Skill      XL: |  1  2  3  4  5  6  7  8  9 10 11 12 13 14 |
---------------+-------------------------------------------+-----
Stealth        | 4 6 8 9 10 11 | 11.7
Short Blades   | 2 3 4 6 8 |  8.0
Spellcasting   | 5 6 8 9 10 11 | 11.7
Hexes          | 6 8 9 10 11 | 11.7
Dodging        | 6 8 9 10 11 12 | 12.0
Fighting       | 5 6 7 9 10 | 10.2
Shields        | 3 4 |  4.0
Invocations    | 3 5 6 7 |  7.3
Evocations     | 8 10 | 10.0

Action                   |  1- 3 |  4- 6 |  7- 9 | 10-12 | 13-15 || total
-------------------------+-------+-------+-------+-------+-------++-------
Melee: Dagger            |    45 |   278 |   533 |   196 |   609 ||  1661
 Cast: Corona            |     6 |       |       |       |       ||     6
       Ensorcelled Hiber |     1 |    90 |   104 |   129 |   264 ||   588
       Confuse           |       |    11 |    37 |    18 |    86 ||   152
       Tukima's Dance    |       |       |    10 |     1 |     1 ||    12
       Dazzling Spray    |       |       |     2 |       |     4 ||     6
       Mephitic Cloud    |       |       |       |     9 |       ||     9
       Apportation       |       |       |       |     1 |       ||     1
       Confusing Touch   |       |       |       |       |     2 ||     2
Invok: Step From Time    |       |       |       |     2 |       ||     2
       Slouch            |       |       |       |     1 |       ||     1
 Abil: Evoke Invisibilit |       |       |       |       |     1 ||     1
  Use: Scroll            |     3 |     1 |    10 |    14 |     6 ||    34
       Potion            |       |     2 |       |    12 |     2 ||    16
 Stab: Sleeping          |     5 |    58 |    80 |   106 |   186 ||   435
       Confused          |       |     7 |    19 |    22 |    54 ||   102
       Invisible         |       |       |     1 |     3 |     1 ||     5
       Distracted        |       |       |       |     1 |     1 ||     2
  Eat: Chunk             |       |     6 |    12 |     9 |    16 ||    43
       Ration            |       |     1 |       |       |       ||     1
Armor: Robe              |     6 |    91 |    30 |    11 |       ||   138
       Skin              |       |       |       |    13 |       ||    13
       Leather armour    |       |       |       |       |    85 ||    85
       Fire dragon scale |       |       |       |       |     1 ||     1
Dodge: Dodged            |    30 |   234 |   174 |   205 |   728 ||  1371
Block: Buckler           |       |       |       |    44 |   355 ||   399

Table legend:
 A = Non-vault XP
 B = Vault XP
 C = Vault XP percentage of total XP
 D = Non-vault monster count
 E = Vault monster count
 F = Vault count percentage of total count
                 A         B        C        D         E       F
            +---------+---------+-------+---------+---------+-------
      Total |   51376 |   34095 |  39.9 |     433 |     243 |  35.9
            +---------+---------+-------+---------+---------+-------
        D:1 |      28 |       0 |   0.0 |      17 |       0 |   0.0
        D:2 |      49 |       6 |  10.9 |      13 |       1 |   7.1
        D:3 |     195 |      54 |  21.7 |      18 |      19 |  51.4
        D:4 |     337 |      33 |   8.9 |      11 |       1 |   8.3
        D:5 |     281 |     521 |  65.0 |      18 |       6 |  25.0
        D:6 |     867 |     233 |  21.2 |      15 |       3 |  16.7
        D:7 |     458 |     711 |  60.8 |      16 |      10 |  38.5
        D:8 |    2101 |    3526 |  62.7 |      32 |      14 |  30.4
        D:9 |    1727 |     538 |  23.8 |      35 |      32 |  47.8
       D:10 |    1625 |    1317 |  44.8 |      25 |      16 |  39.0
       D:11 |    4455 |       0 |   0.0 |      37 |       0 |   0.0
       D:12 |     112 |       0 |   0.0 |       1 |       0 |   0.0
     Temple |      31 |       0 |   0.0 |       3 |       0 |   0.0
     Lair:1 |    7103 |     633 |   8.2 |      31 |       2 |   6.1
     Lair:2 |    2279 |     944 |  29.3 |      10 |       1 |   9.1
     Lair:3 |    7463 |       0 |   0.0 |      12 |       0 |   0.0
     Lair:4 |    3631 |    2253 |  38.3 |      20 |       4 |  16.7
     Lair:5 |    1127 |       0 |   0.0 |       7 |       0 |   0.0
     Lair:6 |   10516 |    3981 |  27.5 |      36 |      14 |  28.0
      Orc:1 |    3149 |    1560 |  33.1 |      36 |       5 |  12.2
      Orc:2 |    3842 |    7532 |  66.2 |      40 |      30 |  42.9
      Sewer |       0 |     377 | 100.0 |       0 |      58 | 100.0
    Volcano |       0 |    4781 | 100.0 |       0 |      17 | 100.0
   Gauntlet |       0 |    5095 | 100.0 |       0 |      10 | 100.0
            +---------+---------+-------+---------+---------+-------
